 Dungeon Crawl Stone Soup version 0.29.1-1-gd02db6906a (webtiles) character file.

Game seed: 6437567431693637257

33 boopmooplesden the Slasher (level 3, 0/33 HPs)
             Began as a Minotaur Berserker on Oct 14, 2022.
             Was a Follower of Trog.
             Slain by a gnoll
             ... wielding a +0 flail
              (9 damage)
             ... on level 2 of the Dungeon.
             The game lasted 00:02:32 (1254 turns).

boopmooplesden the Slasher (Minotaur Berserker)     Turns: 1254, Time: 00:02:32

Health: 0/33       AC:  2    Str: 23    XL:     3   Next: 12%
Magic:  2/2        EV: 12    Int:  4    God:    Trog [*.....]
Gold:   30         SH:  0    Dex:  9    Spells: 2/2 levels left

rFire   . . .      SeeInvis .   a - +1 falchion
rCold   . . .      Faith    .   (no shield)
rNeg    . . .      Spirit   .   b - +0 animal skin
rPois   .          Reflect  .   (helmet restricted)
rElec   .          Harm     .   (no cloak)
rCorr   .          Rampage  .   (no gloves)
Will    .....                   (no boots)
Stlth   +.........              (no amulet)
HPRegen 0.11/turn               (no ring)
MPRegen 0.08/turn               (no ring)

@: on berserk cooldown, slowed, very slow
A: horns 2, retaliatory headbutt
a: Renounce Religion, Berserk


You were on level 2 of the Dungeon.
You worshipped Trog.
Trog was aware of your devotion.
You visited 1 branch of the dungeon, and saw 2 of its levels.

You collected 30 gold pieces.

Inventory:

Hand Weapons
 a - a +1 falchion (weapon)
Armour
 b - a +0 animal skin (worn)
 k - a +0 scale mail
Jewellery
 h - a ring of poison resistance
Scrolls
 c - a scroll of enchant armour {unknown}
 g - a scroll of immolation {unknown}
 j - a scroll of teleportation
 l - a scroll of summoning {unknown}
 m - 2 scrolls of identify
 p - 2 scrolls of vulnerability {unknown}
Potions
 d - a potion of invisibility {unknown}
 e - a potion of mutation {unknown}
 f - a potion of haste {unknown}
 i - a potion of flight {unknown}
 n - 2 potions of magic {unknown}
 o - a potion of might {unknown}


   Skills:
 + Level 4.1 Fighting
 + Level 4.2 Long Blades
 + Level 2.7 Armour
 + Level 2.4 Dodging
 + Level 0.4 Stealth


You had 2 spell levels left.
You didn't know any spells.
Your spell library was empty.

Dungeon Overview and Level Annotations

Branches:
Dungeon (2/15)

Altars:


Innate Abilities, Weirdness & Mutations

You have a pair of horns on your head.
You reflexively headbutt those who attack you in melee.


Message History

A frilled lizard comes into view.
The hobgoblin hits you.
You have reached level 3!
Your experience leads to an increase in your attributes!
Increase (S)trength, (I)ntelligence, or (D)exterity?
You feel stronger. x2
You slash the hobgoblin!
You kill the hobgoblin!
Trog accepts your kill. The quokka bites you.
You closely miss the quokka. The quokka barely misses you.
You miss the quokka. The quokka misses you. You furiously retaliate!
You headbutt the quokka. The rat barely misses you. You furiously retaliate!
You headbutt the rat!
You kill the rat!
Trog accepts your kill.
You slash the quokka!
You kill the quokka!
Trog accepts your kill.
Things that are here:
a +0 dagger; 2 stones You barely miss the gnoll.
You are no longer berserk.
You are exhausted.
You feel yourself slow down. The gnoll hits you with a +0 whip.
The gnoll closely misses you.
A rat comes into view.
You barely miss the gnoll. Your headbutt misses the gnoll.
The gnoll misses you. You furiously retaliate!
You headbutt the gnoll! The gnoll barely misses you. You furiously retaliate!
You headbutt the gnoll. You hit the gnoll.
The gnoll is severely wounded.
The gnoll misses you. The gnoll closely misses you.
The frilled lizard bites you but does no damage.
The gnoll closely misses you. The gnoll hits you with a +0 whip.
The frilled lizard bites you.
* * * LOW HITPOINT WARNING * * *
The gnoll attacks as you move away! The gnoll closely misses you.
The gnoll hits you with a +0 flail!
You die...

..... ####### ......
#.....# ......
#.....# ......#######
#.....# ...:........#
#.....# .......††...#
#.....####
.......).$..#
#.........
.....rw.g...#
#.........
..####..g@..#
#......... #..l...#
#....)....
###..#######.....####
##.................
#.################
#........ ....
#........# ##
#........# ###
+.......[. ..#


You could see a worm, 2 gnolls, a frilled lizard and a rat.

Vanquished Creatures
  2 dart slugs
  3 ball pythons
  2 endoplasms
  3 giant cockroaches
  2 goblins (D:1)
  2 hobgoblins (D:2)
  3 kobolds
  3 quokkas
  4 bats
  3 rats
27 creatures vanquished.

Notes
Turn   | Place    | Note
-------+----------+-------------------------------------------
     0 | D:1      | boopmooplesden the Minotaur Berserker began the quest for
                  | the Orb.
     0 | D:1      | Reached XP level 1. HP: 19/19 MP: 0/0
   355 | D:1      | Reached XP level 2. HP: 26/27 MP: 1/1
   804 | D:1      | Found a faded altar of an unknown god.
  1245 | D:2      | Reached XP level 3. HP: 29/33 MP: 2/2
  1254 | D:2      | Slain by a gnoll

Illustrated notes

Levels and vault maps discovered:
D:1:      dpeg_arrival_brainrot, layout_basic, ebering_ecumenical_altar_webs
D:2:      layout_basic, interstate_on_off, nrook_mini_backslash,
          kennysheep_jessica_study

Skill      XL: |  1  2 |
---------------+-------+-----
Long Blades    | 4 |  4.2
Fighting       | 4 |  4.1
Armour         | |  2.7
Dodging        | |  2.4
Stealth        | |  0.4

Action                   || total
-------------------------++-------
Melee: Falchion          ||    50
       Headbutt          ||     3
Invok: Berserk           ||     1
  Use: Scroll            ||     5
 Stab: Sleeping          ||     1
Armor: Animal skin       ||    10
Dodge: Dodged            ||    50
